 Dungeon Crawl Stone Soup version 0.27-a0-1136-g0b992a5a9d (webtiles) character file.

Game seed: 16975888734244092237

100454 2bobheroes the Unseen (level 15, -9/74 HPs)
             Began as a Spriggan Brigand on May 3, 2021.
             Was the Champion of Fedhas.
             Mangled by a skeletal warrior
             ... wielding a +0 dire flail
             ... led by a skeletal warrior
              (27 damage)
             ... on level 14 of the Dungeon on May 5, 2021.
             The game lasted 04:08:53 (37274 turns).

2bobheroes the Unseen (Spriggan Brigand)           Turns: 37274, Time: 04:08:54

Health: -9/74      AC:  5    Str:  7    XL:     15   Next: 80%
Magic:  14/26      EV: 28    Int: 13    God:    Fedhas [******]
Gold:   302        SH:  8    Dex: 23    Spells: 3/28 levels left

rFire    + + .     SeeInvis +   m - +2 dagger (venom)
rCold    . . .     Faith    .   Q - +0 buckler
rNeg     . . .     Spirit   .   P - +0 troll leather armour
rPois    +         Reflect  .   (helmet restricted)
rElec    .         Harm     .   c - +0 cloak
rCorr    .         Rampage  .   (gloves unavailable)
Will     ++...                  (boots unavailable)
Stlth    +++++++...             s - amulet of regeneration
HPRegen  2.22/turn              i - ring "Ulaunij" {rPois rF++ Stlth+}
MPRegen  0.20/turn              o - ring of wizardry

@: studying Dodging, very quick
A: very small, no large weapons, unfitting armour, see invisible, speed 3
a: Renounce Religion, Wall of Briars, Grow Ballistomycete, Overgrow, Grow Oklob


You were on level 14 of the Dungeon.
You worshipped Fedhas.
Fedhas was exalted by your worship.
You visited 4 branches of the dungeon, and saw 23 of its levels.
You also visited: Sewer and Ice Cave.

You collected 2316 gold pieces.
You spent 2014 gold pieces at shops.

Inventory:

Hand Weapons
 m - a +2 dagger of venom (weapon)
 n - a +2 morningstar of freezing
 t - a +5 vampiric short sword
 F - a +2 falchion of flaming
 O - a +2 hunting sling of flaming
Missiles
 d - 32 poisoned darts
 e - 15 curare-tipped darts
 g - 505 stones
 x - 99 sling bullets
 B - 7 silver boomerangs
 G - 2 datura-tipped darts (quivered)
 M - 7 boomerangs of dispersal
 R - 31 boomerangs
 Y - 6 throwing nets
Armour
 c - a +0 cloak (worn)
 P - a +0 troll leather armour (worn)
 Q - a +0 buckler (worn)
Jewellery
 i - the ring "Ulaunij" (left hand) {rPois rF++ Stlth+}
   (You took it off an orc sorcerer on level 2 of the Orcish Mines)

   [ring of poison resistance]

   It greatly protects you from fire.
   It protects you from poison.
   It makes you more stealthy.
 o - a ring of wizardry (right hand)
 q - an amulet of reflection
 s - an amulet of regeneration (around neck)
 w - a ring of willpower
 A - a ring of willpower
 D - a +4 ring of evasion
 Z - a ring of flight
Wands
 a - a wand of charming (7)
 v - a wand of flame (2)
 K - a wand of iceblast (16)
 N - a wand of polymorph (5)
 V - a wand of digging (5)
 X - a wand of paralysis (13)
Scrolls
 j - 2 scrolls of summoning
 k - 4 scrolls of blinking {unknown}
 l - 9 scrolls of teleportation
 u - a scroll of enchant armour {unknown}
 y - a scroll of fear
 C - a scroll of acquirement {unknown}
 E - 3 scrolls of enchant weapon {unknown}
 H - 8 scrolls of fog
 J - 2 scrolls of immolation
 S - a scroll of torment {unknown}
 T - 2 scrolls of brand weapon {unknown}
 W - 4 scrolls of magic mapping
Potions
 b - a potion of invisibility
 h - 11 potions of curing
 p - 3 potions of might
 r - 6 potions of brilliance
 z - 2 potions of haste
 I - a potion of flight {unknown}
 L - a potion of berserk rage {unknown}
 U - 2 potions of cancellation
Miscellaneous
 f - a phial of floods


   Skills:
 + Level 6.9 Fighting
 - Level 14.0 Short Blades
 * Level 13.5 Throwing
 + Level 13.1 Dodging
 + Level 15.3 Stealth
 * Level 4.9 Shields
 - Level 7.0 Spellcasting
 + Level 10.8 Hexes
 * Level 9.1 Invocations


You had 3 spell levels left.
You knew the following spells:

 Your Spells              Type           Power      Damage    Failure   Level
a - Confusing Touch       Hex            32%        N/A       1%          3
b - Cause Fear            Hex            16%        N/A       1%          4
c - Discord               Hex            16%        N/A       100%        8
d - Ensorcelled Hibernat  Hex/Ice        36%        N/A       1%          2
e - Tukima's Dance        Hex            32%        N/A       1%          3
f - Silence               Hex/Air        9%         N/A       32%         5

Your spell library contained the following spells:

 Spells                   Type           Power      Damage    Failure   Level
 Corona                   Hex            35%        N/A       1%          1
 Dazzling Flash           Conj/Hex       36%        N/A       3%          3
 Inner Flame              Hex/Fire       18%        N/A       3%          3
 Beastly Appendage        Tmut           8%         N/A       11%         1
 Foxfire                  Conj/Fire      16%        2x1d4     11%         1
 Magic Dart               Conj           16%        1d3       11%         1
 Poisonous Vapours        Pois/Air       8%         N/A       16%         2
 Searing Ray              Conj           8%         3d3       16%         2
 Wereblood                Tmut           4%         N/A       16%         2
 Conjure Flame            Conj/Fire      4%         6-21      32%         3
 Mephitic Cloud           Conj/Pois/Air  4%         N/A       32%         3
 Spider Form              Tmut/Pois      2%         N/A       32%         3
 Fulminant Prism          Conj/Hex       9%         3d7       12%         4
 Summon Mana Viper        Hex/Summ       18%        N/A       32%         5
 Yara's Violent Unravell  Hex/Tmut       9%         3d6       32%         5
 Ice Form                 Ice/Tmut       4%         N/A       69%         4
 Iskenderun's Mystic Bla  Conj/Tloc      4%         2d3       69%         4
 Sticky Flame             Conj/Fire      4%         2d3       69%         4
 Fireball                 Conj/Fire      2%         3d4       95%         5
 Hydra Form               Tmut           2%         N/A       95%         5
 Summon Forest            Summ/Tloc      2%         N/A       95%         5
 Freezing Cloud           Conj/Ice/Air   2%         6-21      100%        6
 Shadow Creatures         Summ           N/A        N/A       100%        6
 Summon Hydra             Summ           2%         N/A       100%        7


Dungeon Overview and Level Annotations

Branches:
Dungeon (14/15)            Temple (1/1) D:4            Lair (6/6) D:10
  Swamp (0/4) Lair:4       Spider (0/4) Lair:2        Slime (0/5) Lair:5
    Orc (2/2) D:11            Elf (0/3) Orc:2         Sewer (visited)
  IceCv (visited)
 Vaults: D:13-14

Altars:
Ashenzari
Cheibriados
Dithmenos
Fedhas
Nemelex Xobeh
Ru
Wu Jian
Xom
Beogh
Jiyva

Shops:
D:3 ?   D:13 =   Orc:2 =**:


Innate Abilities, Weirdness & Mutations

You are very small and have problems with some larger weapons.
You are too small for most types of armour.
You have supernaturally acute eyesight. (SInv)
You cover ground extremely quickly. (Speed+++)


Message History

The wizard convulses.
The wizard seems to slow down.
The wizard is lightly wounded.
A ballistomycete spore comes into view.
You hit the skeletal warrior but do no damage.
The skeletal warrior is moderately damaged.
A deep elf pyromancer comes into view. It is wielding a +0 short sword.
Unknown command.
Throw: 4 darts (datura)
Press: ? - help, Q - select action, (/) - cycle Shift-Dir - straight line, f/p - wizard
Aim: a wizard, wielding a +0 dagger and wearing a +0 robe (lightly wounded, very poisoned, slow, chance to confuse on hit: 26%, 64% to hit, chance to frenzy on hit: 64%)
You throw a datura-tipped dart.
The datura-tipped dart barely misses the wizard.
Your hands stop glowing.
The wizard casts a spell at you.
The fireball explodes!
The fireball engulfs you! You resist.
The skeletal warrior hits you with a +0 dire flail!
You hear a roar!
Throw: 3 darts (datura)
Press: ? - help, Q - select action, (/) - cycle Shift-Dir - straight line, f/p - wizard
Aim: a wizard, wielding a +0 dagger and wearing a +0 robe (lightly wounded, very poisoned, slow, 64% to hit, chance to frenzy on hit: 66%)
You throw a datura-tipped dart. The datura-tipped dart hits the wizard!
The wizard resists.
The wizard is lightly wounded.
Your ballistomycete spore explodes!
Fedhas protects your plant from harm.
The explosion of spores engulfs the skeletal warrior!
The skeletal warrior is lightly damaged.
The skeletal warrior hits you with a +0 war axe!!
* * * LOW HITPOINT WARNING * * *
The skeletal warrior hits your ballistomycete with a +0 war axe!!
The deep elf pyromancer points at you and mumbles some strange words.
The bolt of fire misses you.
Throw: 2 darts (datura)
Press: ? - help, Q - select action, (/) - cycle Shift-Dir - straight line, f/p - wizard
Aim: a wizard, wielding a +0 dagger and wearing a +0 robe (lightly wounded, very poisoned, slow, 64% to hit, chance to frenzy on hit: 64%)
Okay, then.
Okay, then.
The skeletal warrior hits you with a +0 dire flail!!
You die...
Fedhas appreciates your contribution to the ecosystem.

....(...... + .....pe...#
.+ ............##.#
##.............) ...
#..............
....##............##
...$#..............#
..................# ###
..........).|.zz@.##..####
..............P.)........#
................)....###..
......#......<.(....##
.......#.........####
......##.##.......#
.......####...P#.....#
....z####......#......#
.......#...........[.##


You could see 2 skeletal warriors, a deep elf pyromancer, a wizard (very
poisoned, slow), a friendly oklob plant (summoned) and a friendly ballistomycete
(summoned).

Vanquished Creatures
  Gastronok (Lair:1)
  2 orc warlords (Orc:2)
  Nessos (Lair:6)
  Harold (Orc:1)
  Josephine (Orc:2)
  3 boulder beetles
  2 centaur warriors
  5 two-headed ogres
  11 hydras
  3 catoblepae (Lair:6)
  14 death yaks
  3 orc high priests (Orc:2)
  Sonja (Orc:1)
  Nergalle (D:11)
  11 skeletal warriors
  A fire crab (Lair:5)
  Pikel (D:4)
  A phantasmal warrior (D:12)
  6 orc knights
  5 orc sorcerers
  A deep elf pyromancer (D:12)
  2 manticores (Lair:6)
  2 cyclopes
  An ugly thing (D:12)
  6 black mambas
  3 elephants (Lair:5)
  2 torpor snails
  10 cane toads
  3 unseen horrors
  3 rime drakes
  A kobold demonologist (D:9)
  8 komodo dragons
  A tengu conjurer (D:10)
  8 trolls
  3 meliai
  4 polar bears
  8 slime creatures
  14 blink frogs
  11 dream sheep
  A redback (Lair:2)
  Sigmund (D:2)
  18 flying skulls (D:12)
  3 shadows
  7 wraiths
  2 vampires (D:12)
  43 yaks
  5 basilisks
  3 steam dragons
  5 wyverns
  5 wargs
  Edmund (D:6)
  2 acid dragons
  8 vampire mosquitoes
  24 water moccasins
  Duvessa (D:7)
  11 ice beasts
  A black bear (D:6)
  2 sky beasts
  43 orc warriors
  A necrophage (D:7)
  10 ogres
  28 wolves
  4 lemures (D:4)
  3 centaurs
  15 bullfrogs
  6 kobold brigands
  A gnoll sergeant (D:10)
  A wyvern zombie (D:7)
  A scorpion (D:7)
  2 water moccasin zombies (D:5)
  Dowan (D:7)
  A water moccasin skeleton (D:5)
  13 killer bees
  2 howler monkeys (D:11)
  5 centaur zombies
  A jelly (D:6)
  A bullfrog zombie (D:5)
  3 hounds
  30 orc priests
  A bullfrog skeleton (D:7)
  2 gnoll shamans
  3 centaur skeletons
  14 orc wizards
  Terence (D:3)
  3 iguanas
  2 scorpion zombies (D:5)
  2 killer bee zombies (D:5)
  2 hound zombies (D:5)
  2 hound skeletons
  2 howler monkey zombies (D:5)
  A howler monkey skeleton (D:7)
  22 gnolls
  7 adders
  2 river rats (D:4)
  An ufetubus (D:5)
  An adder zombie (D:5)
  An adder skeleton (D:4)
  2 worms
  5 dart slugs
  99 orcs
  7 bats
  7 endoplasms
  6 giant cockroaches
  9 goblins
  6 hobgoblins
  14 jackals
  3 quokkas
  7 ball pythons
  6 frilled lizards
  21 kobolds
  9 rats
750 creatures vanquished.

Vanquished Creatures (collateral kills)
  A death knight (D:12)
  A death yak (Lair:6)
  An orc high priest (Orc:2)
  A skeletal warrior (D:12)
  A cyclops (D:14)
  2 yaks (Lair:6)
  56 ballistomycete spores
63 creatures vanquished.

Vanquished Creatures (others)
  A komodo dragon (Lair:3)
  A polar bear (IceCv)
  3 yaks (IceCv)
  5 dancing weapons
  3 ballistomycete spores
  A bush (Lair:5)
  10 foxfires (Lair:4)
  43 fungi
  66 plants
133 creatures vanquished.

Grand Total: 946 creatures vanquished

Notes
Turn   | Place    | Note
-------+----------+-------------------------------------------
     0 | D:1      | 2bobheroes the Spriggan Brigand began the quest for the
                  | Orb.
     0 | D:1      | Reached XP level 1. HP: 10/10 MP: 2/2
   239 | D:1      | Reached skill level 6 in Stealth
   239 | D:1      | Reached XP level 2. HP: 5/14 MP: 3/3
  1217 | D:1      | Found a faded altar of an unknown god.
  1242 | D:1      | Reached XP level 3. HP: 18/18 MP: 4/4
  1804 | D:2      | Noticed Sigmund
  1829 | D:2      | Killed Sigmund
  1830 | D:2      | Reached XP level 4. HP: 14/22 MP: 5/5
  1830 | D:2      | Reached XP level 5. HP: 16/25 MP: 6/6
  2691 | D:3      | Noticed Terence
  2842 | D:3      | Killed Terence
  2843 | D:3      | Reached skill level 7 in Stealth
  2843 | D:3      | Reached XP level 6. HP: 30/30 MP: 7/7
  3143 | D:3      | Found Alawezok's Magic Scroll Emporium.
  3149 | D:3      | Bought a scroll of identify for 28 gold pieces
  3149 | D:3      | Bought a scroll of teleportation for 42 gold pieces
  3149 | D:3      | Bought a scroll of identify for 28 gold pieces
  3149 | D:3      | Bought a scroll of identify for 28 gold pieces
  3321 | D:3      | Found a broken altar of Ashenzari.
  3934 | D:4      | Found a glowing drain.
  3938 | Sewer    | Entered a sewer
  4566 | Sewer    | Reached skill level 5 in Short Blades
  4566 | Sewer    | Reached XP level 7. HP: 20/33 MP: 8/8
  4997 | D:4      | Found a staircase to the Ecumenical Temple.
  5223 | Temple   | Entered the Ecumenical Temple
  5242 | Temple   | Became a worshipper of Fedhas Madash
  5556 | D:4      | Reached skill level 5 in Throwing
  5597 | D:4      | Found a shimmering altar of Xom.
  5629 | D:4      | Noticed Pikel
  5723 | D:4      | Killed Pikel
  5724 | D:4      | Reached skill level 5 in Dodging
  5724 | D:4      | Reached skill level 8 in Stealth
  5724 | D:4      | Reached XP level 8. HP: 24/37 MP: 9/9
  6130 | D:3      | Bought a scroll of fog for 28 gold pieces
  6130 | D:3      | Bought a scroll of identify for 28 gold pieces
  6188 | D:5      | Entered Level 5 of the Dungeon
  7008 | D:5      | You fall into a shaft and drop 2 floors!
  7018 | D:7      | Learned a level 3 spell: Confusing Touch
  7023 | D:7      | Learned a level 4 spell: Cause Fear
  7165 | D:7      | Reached skill level 9 in Stealth
  7165 | D:7      | Reached skill level 1 in Hexes
  7167 | D:7      | Reached skill level 1 in Spellcasting
  7532 | D:7      | Reached XP level 9. HP: 41/41 MP: 12/12
  7609 | D:7      | Reached * piety under Fedhas
  7978 | D:7      | Noticed a cyclops
  8017 | D:7      | Killed a cyclops
  8441 | D:7      | Noticed Duvessa
  8441 | D:7      | Noticed Dowan
  8448 | D:7      | Killed Dowan
  8502 | D:7      | Killed Duvessa
  9294 | D:6      | Reached skill level 10 in Stealth
  9294 | D:6      | Reached skill level 5 in Hexes
  9499 | D:6      | Noticed Edmund
  9523 | D:6      | Reached ** piety under Fedhas
  9550 | D:6      | Killed Edmund
  9551 | D:6      | Reached XP level 10. HP: 31/46 MP: 16/16
 11776 | D:8      | Found an ornate altar of the Wu Jian Council.
 11778 | D:8      | Found a sparkling altar of Nemelex Xobeh.
 11782 | D:8      | Found a shadowy altar of Dithmenos.
 11932 | D:8      | Learned a level 8 spell: Discord
 11935 | D:8      | Learned a level 2 spell: Ensorcelled Hibernation
 12795 | D:9      | Reached *** piety under Fedhas
 13389 | D:10     | Entered Level 10 of the Dungeon
 13841 | D:10     | Reached skill level 11 in Stealth
 13841 | D:10     | Reached skill level 5 in Spellcasting
 13999 | D:10     | Noticed a two-headed ogre
 14008 | D:10     | Killed a two-headed ogre
 14009 | D:10     | Reached XP level 11. HP: 51/51 MP: 19/19
 14080 | D:10     | Found a staircase to the Lair.
 14131 | D:10     | Noticed an orc knight
 14163 | D:10     | Reached skill level 10 in Short Blades
 14575 | D:10     | Killed an orc knight
 15456 | Lair:1   | Entered Level 1 of the Lair of Beasts
 15526 | Lair:1   | Learned a level 3 spell: Tukima's Dance
 15761 | Lair:1   | Reached **** piety under Fedhas
 16012 | Lair:1   | Noticed Gastronok
 16013 | Lair:1   | You fall into a shaft and drop 1 floor!
 16095 | Lair:2   | Found a hole to the Spider Nest.
 16904 | Lair:1   | Killed Gastronok
 16905 | Lair:1   | Reached skill level 10 in Throwing
 16996 | Lair:1   | Reached XP level 12. HP: 54/56 MP: 22/22
 17226 | Lair:1   | Reached skill level 12 in Stealth
 18275 | Lair:2   | Noticed a seven-headed hydra
 18279 | Lair:2   | Killed a seven-headed hydra
 18726 | Lair:4   | Noticed an eight-headed hydra
 18774 | Lair:3   | Noticed a seven-headed hydra
 18782 | Lair:3   | Noticed an eight-headed hydra
 18784 | Lair:3   | Killed a seven-headed hydra
 18785 | Lair:3   | Noticed a death yak
 18787 | Lair:3   | Noticed an eight-headed hydra
 18790 | Lair:3   | Killed an eight-headed hydra
 18791 | Lair:3   | Reached skill level 10 in Hexes
 18791 | Lair:3   | Noticed an eight-headed hydra
 18953 | Lair:3   | Found a frozen archway.
 18972 | IceCv    | Entered an ice cave
 19032 | IceCv    | Reached ***** piety under Fedhas
 20138 | Lair:3   | Upgraded the game from 0.27-a0-1123-g2f9bb313c0 to
                  | 0.27-a0-1136-g0b992a5a9d
 20172 | Lair:3   | Noticed a four-headed hydra
 20214 | Lair:3   | Reached skill level 1 in Invocations
 20281 | Lair:3   | Killed a one-headed hydra
 20888 | Lair:3   | Reached skill level 10 in Dodging
 21425 | Lair:3   | Killed a death yak
 21426 | Lair:3   | Reached XP level 13. HP: 50/63 MP: 24/24
 22031 | Lair:3   | Reached skill level 13 in Stealth
 22571 | Lair:4   | Found a staircase to the Swamp.
 24461 | Lair:5   | Reached skill level 5 in Fighting
 24581 | Lair:5   | Reached skill level 1 in Shields
 24860 | Lair:5   | Found a staircase to the Slime Pits.
 24860 | Lair:5   | Found a viscous altar of Jiyva.
 24917 | Lair:5   | Found the +8 whip "Snakebite" {curare, rPois}
 25189 | Lair:5   | Reached skill level 5 in Invocations
 25464 | Lair:6   | Entered Level 6 of the Lair of Beasts
 26297 | Lair:6   | Reached XP level 14. HP: 68/68 MP: 25/25
 26822 | Lair:6   | Reached skill level 14 in Stealth
 27581 | Lair:6   | Noticed Nessos
 27688 | Lair:6   | Killed Nessos
 28840 | D:11     | Found a staircase to the Orcish Mines.
 29190 | D:11     | Found a broken altar of Ashenzari.
 29298 | D:11     | Noticed Nergalle
 29334 | D:11     | Killed Nergalle
 29420 | D:11     | Learned a level 5 spell: Silence
 29625 | Orc:1    | Entered Level 1 of the Orcish Mines
 29968 | Orc:1    | Noticed Sonja
 29980 | Orc:1    | Killed Sonja
 30157 | Orc:1    | Noticed Harold
 30374 | Orc:1    | Killed Harold
 30591 | Orc:2    | Entered Level 2 of the Orcish Mines
 30624 | Orc:2    | Reached ****** piety under Fedhas
 30855 | Orc:2    | Found Ymoyrehy's Book Shop.
 30971 | Orc:2    | Bought a manual of Dodging for 1766 gold pieces
 30978 | Orc:2    | Found Losut's General Store.
 31276 | Orc:2    | Noticed an orc warlord
 31374 | Orc:2    | Killed an orc warlord
 31718 | Orc:2    | Bought a scroll of magic mapping for 42 gold pieces
 31718 | Orc:2    | Bought a scroll of identify for 24 gold pieces
 31890 | Orc:2    | Noticed Josephine
 31896 | Orc:2    | Killed Josephine
 31897 | Orc:2    | Reached XP level 15. HP: 60/74 MP: 26/26
 32793 | Orc:2    | Identified the ring "Ulaunij" {rPois rF++ Stlth+}
 32971 | Orc:2    | Found a staircase to the Elven Halls.
 33183 | Orc:2    | Noticed an orc warlord
 33212 | Orc:2    | Killed an orc warlord
 33468 | Orc:2    | Found Xufiapso's Jewellery Shoppe.
 33783 | Orc:2    | Found Melep's Assorted Antiques.
 34939 | D:12     | Reached skill level 15 in Stealth
 35346 | D:12     | Found the +3 giant club "Skullcrusher" {speed, Str+7}
 36338 | D:13     | Identified the +3 hunting sling "Wihiaps" {vorpal, *Corrode
                  | rPois rF++ rC+}
 36866 | D:13     | Found Ephiset's Jewellery Shop.
 37274 | D:14     | Mangled by a skeletal warrior

Illustrated notes

Levels and vault maps discovered:
D:1:      dpeg_arrival_stone_temple_mockup, layout_loops_cross,
          ebering_ecumenical_altar_rust, chequers_decorated_corner,
          minmay_door_square, minmay_three_crescents
D:2:      layout_loops_cross, patterned_corridor, uniq_sigmund
D:3:      layout_basic, marbit_many_paths, serial_shops, nicolae_shop_trees,
          hex_tiny, uniq_terence
D:4:      layout_loops_ring, lemuel_tele_altar, temple_fountains,
          gup_sewer_entry_spiral, kennysheep_generic_room_14, uniq_pikel
D:5:      layout_loops_cross, serial_undead, serial_undead_d, serial_undead_a,
          serial_undead_b, serial_undead_e, minmay_diced_spiral
D:6:      layout_loops_ring, minmay_stone_trees_medium, uniq_edmund
D:7:      hangedman_cross_stitches, layout_basic, uniq_duvessa
D:8:      layout_gridville, minitemple, serial_bayou_crossing
D:9:      layout_basic
D:10:     layout_cave_pools, lair_entry_dummy, grunt_tough_drop
D:11:     layout_cave_pools, erik_orc_4, cheibrodos_ashenzari_chains,
          uniq_nergalle
D:12:     layout_roguey, minmay_guarded_unrand_skullcrusher
D:13:     layout_rooms, serial_shops, shop
D:14:     layout_cave_pools, erik_vaults_1, kennysheep_big_empty_room
Temple:   minmay_crystal_spiral_temple
Lair:1:   layout_small_grid, uniq_gastronok
Lair:2:   layout_cave_pods, spider_nest_entry_rubble
Lair:3:   layout_hall_layers, portal_ice_cave_entry_ice_beasts
Lair:4:   layout_roguey, minmay_swamp_entry_wisps
Lair:5:   layout_long_grid, slime_altar_1, minivault_25
Lair:6:   evilmike_catoblepas_cave, layout_big_grid, uniq_nessos
Orc:1:    layout_caves, mines2_david, uniq_sonja, uniq_harold
Orc:2:    pubby_orc_utopia, uniq_josephine

Skill      XL: |  1  2  3  4  5  6  7  8  9 10 11 12 13 14 15 |
---------------+----------------------------------------------+-----
Stealth        | 6 7 8 9 10 11 12 13 14 15 | 15.3
Dodging        | 2 3 5 6 7 8 9 10 11 13 | 13.1
Short Blades   | 4 5 6 7 8 9 10 11 12 13 14 | 14.0
Throwing       | 3 4 5 6 7 9 10 11 12 13 | 13.5
Hexes          | 2 5 7 9 10 | 10.8
Spellcasting   | 1 3 5 6 7 |  7.0
Fighting       | 2 3 4 5 6 |  6.9
Invocations    | 2 5 7 9 |  9.1
Shields        | 1 3 4 |  4.9

Action                   |  1- 3 |  4- 6 |  7- 9 | 10-12 | 13-15 || total
-------------------------+-------+-------+-------+-------+-------++-------
Melee: Dagger            |   131 |   161 |   286 |   562 |  1813 ||  2953
       Whip              |       |       |    37 |       |       ||    37
       Short sword       |       |       |    22 |   270 |   377 ||   669
       Falchion          |       |       |       |     5 |    50 ||    55
       Morningstar       |       |       |       |       |     3 ||     3
 Fire: Hunting sling     |       |       |       |   152 |   253 ||   405
Throw: Dart              |    21 |       |    61 |   241 |   197 ||   520
       Boomerang         |       |       |       |     2 |       ||     2
       Stone             |       |       |       |     1 |       ||     1
 Cast: Confusing Touch   |       |       |     1 |     7 |    73 ||    81
       Ensorcelled Hiber |       |       |       |    18 |    15 ||    33
       Cause Fear        |       |       |       |     3 |     4 ||     7
       Tukima's Dance    |       |       |       |       |    37 ||    37
Invok: Grow Ballistomyce |       |       |       |     2 |     8 ||    10
       Wall of Briars    |       |       |       |     2 |       ||     2
       Overgrow          |       |       |       |       |     1 ||     1
       Grow Oklob        |       |       |       |       |     2 ||     2
Evoke: Wand              |       |       |    13 |     8 |     4 ||    25
  Use: Scroll            |       |     5 |     4 |    15 |     4 ||    28
       Potion            |       |       |     3 |     9 |     8 ||    20
 Stab: Sleeping          |    14 |    16 |    17 |    27 |    48 ||   122
       Distracted        |       |     1 |     3 |     1 |    10 ||    15
       Confused          |       |       |     1 |     9 |    77 ||    87
       Paralysed         |       |       |       |     1 |       ||     1
       Invisible         |       |       |       |     2 |     6 ||     8
Armor: Robe              |    11 |    12 |    12 |       |       ||    35
       Steam dragon scal |       |       |    18 |    50 |       ||    68
       Acid dragon scale |       |       |       |    40 |    56 ||    96
       Troll leather arm |       |       |       |       |    32 ||    32
Dodge: Dodged            |    76 |   102 |   208 |   662 |  1148 ||  2196
Block: Buckler           |       |       |       |       |   501 ||   501
       Rpst.: Falchion   |       |       |       |       |    16 ||    16

Table legend: (Time is in decaauts)
 A = Elapsed time spent in this place.
 B = Non-inter-level travel time spent in this place.
 C = Inter-level travel time spent in this place.
 D = Time resting spent in this place.
 E = Time spent auto-exploring this place.
 F = Levels seen in this place.
 G = Mean time per level.
                   A        B        C        D        E       F      G
               +--------+--------+--------+--------+--------+-----+--------+
         Total |  26475 |  25796 |    679 |   3779 |  11345 |  25 | 1059.0 |
       Dungeon |  13701 |  13360 |    341 |   2480 |   6964 |  14 |  978.6 |
        Temple |     20 |     12 |      8 |      0 |     10 |   1 |   20.0 |
          Lair |   8220 |   7934 |    286 |    465 |   3234 |   6 | 1370.0 |
  Orcish Mines |   2720 |   2677 |     43 |      4 |    541 |   2 | 1360.0 |
         Sewer |    847 |    847 |      0 |     66 |    595 |   1 |  847.0 |
      Ice Cave |    965 |    965 |      0 |    762 |      0 |   1 |  965.0 |
               +--------+--------+--------+--------+--------+-----+--------+

Top non-repeatable levels by time:
   Orc:2: 2216 daAuts
  Lair:6: 2113 daAuts
  Lair:3: 1956 daAuts
    D:12: 1677 daAuts
     D:9: 1577 daAuts
     D:4: 1418 daAuts
  Lair:1: 1327 daAuts
     D:7: 1295 daAuts
     D:8: 1140 daAuts
     D:1: 1099 daAuts
    D:10: 1090 daAuts
  Lair:4: 968 daAuts
   IceCv: 965 daAuts
  Lair:2: 943 daAuts
     D:3: 943 daAuts
